 Dungeon Crawl Stone Soup version 0.29.0-13-gc9e81de378 (webtiles) character file.

Game seed: 13692943191324472084

12 SnakkuSnakku7 the Sneak (level 2, 0/26 HPs)
             Began as a Demigod Delver on Sept 7, 2022.
             Succumbed to a water moccasin's poison
             ... on level 5 of the Dungeon.
             The game lasted 00:00:57 (166 turns).

SnakkuSnakku7 the Sneak (Demigod Delver)             Turns: 166, Time: 00:00:58

Health: 0/26       AC:  3    Str: 13    XL:     2   Next: 9%
Magic:  4/4        EV: 11    Int: 12    God:
Gold:   17         SH:  0    Dex: 15    Spells: 1/1 levels left

rFire   . . .      SeeInvis .   d - +0 trident
rCold   . . .      Faith    .   (no shield)
rNeg    . . .      Spirit   .   b - +0 leather armour
rPois   .          Reflect  .   (no helmet)
rElec   .          Harm     .   (no cloak)
rCorr   .          Rampage  .   (no gloves)
Will    .....                   (no boots)
Stlth   +++.......              (no amulet)
HPRegen 0.08/turn               (no ring)
MPRegen 0.09/turn               (no ring)

@: lethally poisoned (0 -> -11), hasted, very quick
A: high MP 1, forlorn, divine attributes
a: no special abilities


You were on level 5 of the Dungeon.
You visited 1 branch of the dungeon, and saw 1 of its levels.

You collected 17 gold pieces.

Inventory:

Hand Weapons
 a - a +0 hand axe
 d - a +0 trident (weapon)
Armour
 b - a +0 leather armour (worn)
Wands
 g - a wand of digging (3)
Scrolls
 c - a scroll of fog


   Skills:
 + Level 3.3 Fighting
 - Level 1.7 Axes
 - Level 1.7 Dodging
 - Level 4.5 Stealth


You had one spell level left.
You didn't know any spells.
Your spell library was empty.

Dungeon Overview and Level Annotations

Branches:
Dungeon (5/15)             Temple (0/1) D:5


Innate Abilities, Weirdness & Mutations

You have an increased reservoir of magic. (+10% MP)
You shall have no god before yourself.
Your divine heritage dramatically boosts your attributes as you level up.


Message History

You assume a fearsome visage.
The orc looks frightened! x3
Reach: d) +0 trident
Press: ? - help, Dir - move target, f - orc
Aim: an orc, wielding a +0 flail and wearing a +0 chain mail (fleeing, about 35% to evade your +0 trident)
You barely miss the orc.
Unknown command.
Found 17 gold pieces.
You hear the slow rusting of a very distant drain.
You see here 17 gold pieces.
You now have 17 gold pieces.
Reach: d) +0 trident
Press: ? - help, Dir - move target, f - orc
Aim: an orc, wielding a +0 hand axe (about 43% to evade your +0 trident)
You reach to attack!
You hit the orc.
The orc is lightly wounded.
Unknown command.
Reach: d) +0 trident
Press: ? - help, Dir - move target, f/p - orc
Aim: an orc, wielding a +0 hand axe (lightly wounded, about 43% to evade your +0 trident)
You puncture the orc!
You kill the orc!
Unknown command.
You see here a +0 hand axe.
You start resting.
You hear the rusting of a very distant drain.
A water moccasin comes into view.
The orc shouts!
The water moccasin hisses angrily.
The water moccasin moves out of view.
The orc shouts!
Something shouts, "Away with thee, thou mewling doghearted Cock-Lorel!"
Okay, then.
You feel yourself speed up. The water moccasin bites you.
* * * LOW HITPOINT WARNING * * *
You are lethally poisoned!
The water moccasin poisons you!
* * * LOW HITPOINT WARNING * * *
You feel very sick.
* * * LOW HITPOINT WARNING * * *
You feel sick.
You die...

,,,,* #.# #..#*,. ,****
************#.# ##.#*,. ,*
*,,,,,,,,,,,..* #S#*.. ,*
*,************* #.#,..
,*******,*#### #.#..#
,,,,,,,,,,,..# ###.#o.#
,,,,,,,,,**#.# #....o..
,###########.#############.#.##.#
,........)......@.S..oo..........
,###########.############'##.####
,* #.#*,,,,,,,**,..##..∩, ,*
#.#*,*******,,.o.####* ** #.#*,*
*,,*o♣..# #.#*,* *,,,o...# #.#*,*
*,,*.♣,.#*** #.#*,* **,,..,##,,,
#.#*,* ***,,,*,,,,


You could see a water moccasin and 2 orcs.

Vanquished Creatures
  An adder (D:5)
  An orc (D:5)
  A quokka (D:5)
3 creatures vanquished.

Notes
Turn   | Place    | Note
-------+----------+-------------------------------------------
     0 | D:5      | SnakkuSnakku7 the Demigod Delver began the quest for the
                  | Orb.
     0 | D:5      | Reached XP level 1. HP: 18/18 MP: 3/3
    69 | D:5      | Reached XP level 2. HP: 21/26 MP: 4/4
    83 | D:5      | HP: 1/26 [orc/+0 flail (5)]
   157 | D:5      | Noticed a water moccasin
   165 | D:5      | HP: 1/26 [poisoned by a water moccasin]
   166 | D:5      | Succumbed to a water moccasin's poison

Illustrated notes

Levels and vault maps discovered:
D:5:      layout_basic, kennysheep_little_box, minmay_temple_entry_arrows,
          cheibrodos_sewer_entry_sluice, serial_shops, shop,
          chequers_serial_rivers_micro_c, grunt_ministairs_3,
          nicolae_stop_n_shop_2, kennysheep_small_circle

Skill      XL: |  1 |
---------------+----+-----
Fighting       | 3 |  3.3
Axes           | |  1.7
Dodging        | |  1.7
Stealth        | |  4.5

Action                   || total
-------------------------++-------
Melee: Hand axe          ||     6
       Trident           ||    11
  Use: Scroll            ||     2
       Potion            ||     1
 Stab: Sleeping          ||     1
Armor: Leather armour    ||     3
Dodge: Dodged            ||     7
